 Dungeon Crawl Stone Soup version 0.32-a0-616-g9348d4545b (webtiles) character file.

Game seed: 12104051905705973945

7184 jasper the Fighter (level 10, -1/85 HPs)
             Began as a Demonspawn Shapeshifter on Mar 5, 2024.
             Slain by a two-headed ogre
             ... wielding a +0 giant club
              (21 damage)
             ... on level 9 of the Dungeon.
             The game lasted 00:13:00 (9184 turns).

jasper the Fighter (Demonspawn Shapeshifter)        Turns: 9184, Time: 00:13:01

Health: -1/85      AC: 12    Str: 18    XL:     10   Next: 86%
Magic:  0/10       EV: 14    Int: 15    God:
Gold:   155        SH:  0    Dex: 15    Spells: 9/9 levels left

rFire   + .          .
                       - Unarmed
rCold   + + .        (no shield)
rNeg    + . .        v - +0 ring mail
rPois   .            D - +1 helmet "Kocykyp" {Rampage rN+ Dex-4}
rElec   .            e - scarf of the Other Side {rC+ rF+, Int+4}
rCorr   .            l - +0 pair of gloves
SInv    .            (no boots)
Will    .....        g - amulet of Usiysa {rC+ RegenMP+}
Stlth   ++++         f - +4 ring of slaying
HPRegen 0.34/turn    w - +4 ring of protection
MPRegen 0.64/turn

%: guardian spirit, rampage
@: wreathed by umbra
A: claws 1, thin skeletal structure 3, magic shield, magic regeneration, foul
shadow 1
a: no special abilities


You were on level 9 of the Dungeon.
You visited 2 branches of the dungeon, and saw 11 of its levels.

You collected 1362 gold pieces.
You spent 1207 gold pieces at shops.

Inventory:

Hand Weapons
 m - a +2 dagger of venom
Missiles
 j - a throwing net
 n - 4 curare-tipped darts
 t - 79 stones (quivered)
 C - 3 boomerangs
Armour
 a - a +0 animal skin
 e - the scarf of the Other Side (worn) {rC+ rF+, Int+4}
   (You acquired it on level 3 of the Dungeon)

   Int+4:     It affects your intelligence (+4).
 h - a +0 leather armour
 k - a +0 cloak
 l - a +0 pair of gloves (worn)
 v - a +0 ring mail (worn)
 D - the +1 helmet "Kocykyp" (worn) {Rampage rN+ Dex-4}
   (You found it on level 5 of the Dungeon)

   Dex-4:     It affects your dexterity (-4).
   rN+:       It protects you from negative energy.
   Rampage:   It bestows one free step when moving towards enemies.
 P - a +0 scale mail of positive energy
Jewellery
 f - a +4 ring of slaying (left hand)
 g - the amulet of Usiysa (around neck) {rC+ RegenMP+}
   (You acquired it on level 3 of the Dungeon)

   [amulet of magic regeneration]

   It increases your rate of magic regeneration.
   rC+:       It protects you from cold.
   RegenMP+:  It increases your rate of magic regeneration.
 w - a +4 ring of protection (right hand)
 z - a ring of positive energy
 B - a ring of ice
 E - a ring of protection from fire
 I - a ring of poison resistance
 M - a +5 ring of evasion
 O - a ring of resist corrosion
 T - a ring of see invisible
Talismans
 c - a beast talisman
 d - a flux talisman
Wands
 s - a wand of iceblast (9)
 x - a wand of flame (42)
 y - a wand of charming (9)
 G - a wand of polymorph (4)
 J - a wand of mindburst (29)
Scrolls
 i - 4 scrolls of teleportation
 o - 4 scrolls of fog
 r - 2 scrolls of amnesia
 A - 2 scrolls of blinking
 H - 2 scrolls of enchant armour
 S - 2 scrolls of identify
Potions
 b - a potion of lignification
 p - 3 potions of mutation
 q - 4 potions of enlightenment
 u - 2 potions of ambrosia
 F - 5 potions of heal wounds
 K - a potion of might
 L - 2 potions of haste
 N - a potion of attraction
 Q - a potion of curing
 R - a potion of invisibility


   Skills:
 - Level 10.2 Fighting
 + Level 8.0 Dodging
 - Level 10.0 Unarmed Combat
 - Level 2.6 Shapeshifting


You had 9 spell levels left.
You didn't know any spells.
Your spell library contained the following spells:

 Spells                   Type           Power      Damage    Failure   Level
 Call Imp                 Summ           0%         N/A       58%         2
 Sublimation of Blood     Necr           0%         N/A       58%         2
 Gell's Gravitas          Tloc           0%         N/A       82%         3
 Inner Flame              Hex/Fire       0%         N/A       82%         3
 Teleport Other           Tloc           0%         N/A       82%         3
 Flame Wave               Conj/Fire      0%         2d4       99%         4
 Sticky Flame             Fire/Alch      0%         2d4       99%         4
 Dispersal                Tloc           0%         N/A       100%        6
 Summon Hydra             Summ           0%         N/A       100%        7


Dungeon Overview and Level Annotations

Branches:
Dungeon (10/15)            Temple (1/1) D:7
   Lair: D:8-11         Orc: D:9-12

Altars:
Ashenzari
Cheibriados
Dithmenos
Fedhas
Gozag
Hepliaklqana
Kikubaaqudgha
Makhleb
Nemelex Xobeh
Okawaru
Qazlal
Ru
Sif Muna
Trog
Uskayaw
Vehumet
Wu Jian
Xom
Yredelemnul
Beogh

Shops:
D:3 (   D:7 ?!=[

Annotations:
D:5 3 runed translucent doors, Splishie's ghost, novice GnSh
Temple 4 transporters


Innate Abilities, Weirdness & Mutations

You have sharp fingernails.
You have an unnaturally thin skeletal structure. (Dex +6, Stealth+++)
When hurt, damage is shared between your health and your magic reserves.
You regenerate magic rapidly.
You are faintly shadowed, very rarely releasing foul flame when damaged in melee.


Message History

You open the door.
There is an open door here.
You open the door.
There is an open door here.
T - a ring of see invisible A howler monkey, an orc wizard, 2 orcs and a two-headed ogre come into view.
There are monsters nearby!
Throw: 80 stones
Press: ? - help, Q - select action, (/) - cycle Shift-Dir - straight line, f - orc
Aim: an orc, wielding a +0 club (asleep, 98% to hit)
You throw a stone. The stone hits the orc.
The orc is heavily wounded.
The orc attacks as it pursues you! The orc hits you but does no damage.
You swing at nothing.
You swing at nothing.
You barely miss the orc.
The orc is heavily wounded.
The orc closely misses you.
You punch the orc!
You kill the orc!
You swing at nothing.
You hit the two-headed ogre.
The two-headed ogre is lightly wounded.
The two-headed ogre hits you with a +0 giant club! x2
You take 22 damage, and have 63/85 hp.
MASSIVE DAMAGE!!
You now have 7/10 mp.
You hit the two-headed ogre.
The two-headed ogre is lightly wounded.
You hit the two-headed ogre but do no damage.
The two-headed ogre is lightly wounded.
The two-headed ogre hits you with a +0 giant club!!
The two-headed ogre hits you with a +0 giant club!
You take 31 damage, and have 32/85 hp.
MASSIVE DAMAGE!!
You now have 5/10 mp.
You barely miss the two-headed ogre.
The two-headed ogre is lightly wounded.
You hit the two-headed ogre but do no damage.
The two-headed ogre is lightly wounded.
The two-headed ogre hits you with a +0 giant club!
* * * LOW HITPOINT WARNING * * *
The two-headed ogre hits you with a +0 giant club!!
You die...

##..# #####.##### ## #
#.........# #. #
#.........# . #. #
#.........# .. +. #
#.........# ..o #.
#######.........# .... #.
'...............#### .....
#.
#######.........@O.#..o..h
#. # #.........##........
#. # #######.######......
## # #.# #.#### ## #.# ...
#. ######'## ##+ #.
#.......# #.. ###
###.......+ #.. ..#
#.'..)....# #..


You could see a two-headed ogre.

Vanquished Creatures
  A boulder beetle (D:7)
  Pikel (D:8)
  A hornet (D:8)
  A wyvern (D:9)
  14 yaks
  A wraith (D:7)
  A water moccasin (D:6)
  Duvessa (D:5)
  4 orc warriors
  A sky beast (D:7)
  An ice beast (D:5)
  4 black bears
  An ogre (D:5)
  3 phantoms
  A lemure (D:8)
  4 kobold brigands
  Blork the orc (D:4)
  4 bullfrogs
  2 gnoll sergeants (D:8)
  A scorpion (D:6)
  Dowan (D:5)
  5 howler monkeys
  2 bombardier beetles
  2 hounds
  2 jellies
  4 orc priests
  Crazy Yiuf (D:2)
  A sleepcap (D:8)
  Jessica (D:3)
  4 iguanas
  Natasha (thrice) (D:2)
  9 orc wizards
  12 gnolls (D:8)
  3 adders
  2 shadow imps
  A white imp (D:6)
  2 dart slugs (D:3)
  2 ribbon worms (D:2)
  26 orcs
  5 bats
  6 endoplasms
  A giant cockroach (D:4)
  9 goblins
  11 hobgoblins
  18 kobolds
  6 quokkas
  7 ball pythons
  9 frilled lizards
  A goblin zombie (D:7)
  4 hobgoblin zombies (D:7)
  A kobold skeleton (D:7)
  An orc skeleton (D:7)
  3 rats (D:3)
213 creatures vanquished.

Vanquished Creatures (others)
  An orc wizard (D:5)
1 creature vanquished.

Grand Total: 214 creatures vanquished

Notes
Turn   | Place    | Note
-------+----------+-------------------------------------------
     0 | D:1      | jasper the Demonspawn Shapeshifter began the quest for the
                  | Orb.
     0 | D:1      | Reached XP level 1. HP: 15/15 MP: 1/1
   133 | D:1      | Gained mutation: You regenerate magic rapidly. [demonic
                  | ancestry]
   133 | D:1      | Reached XP level 2. HP: 5/21 MP: 2/2
   653 | D:1      | Gained mutation: You are faintly shadowed, very rarely
                  | releasing foul flame when damaged in melee. [demonic
                  | ancestry]
   653 | D:1      | Reached XP level 3. HP: 26/28 MP: 3/3
  1184 | D:2      | Noticed Natasha
  1193 | D:2      | Killed Natasha
  1314 | D:2      | Found a runed translucent door.
  1315 | D:2      | Noticed Crazy Yiuf
  1350 | D:2      | Gained mutation: You have sharp fingernails. [demonic
                  | ancestry]
  1350 | D:2      | Reached XP level 4. HP: 24/35 MP: 4/4
  1445 | D:2      | Noticed Natasha
  1451 | D:2      | Killed Natasha
  1635 | D:2      | Killed Crazy Yiuf
  1723 | D:2      | Noticed Natasha
  1732 | D:2      | Killed Natasha
  1733 | D:2      | Reached XP level 5. HP: 34/43 MP: 5/5
  1901 | D:3      | Reached skill level 5 in Fighting
  2064 | D:3      | Noticed Jessica
  2069 | D:3      | Killed Jessica
  2438 | D:3      | Found Nais's Weapon Boutique.
  2526 | D:3      | Identified 3 scrolls of acquirement
  2526 | D:3      | Acquired 887 gold pieces
  2528 | D:3      | Acquired the scarf of the Other Side {rC+ rF+, Int+4}
  2530 | D:3      | Acquired the amulet of Usiysa {rC+ RegenMP+}
  2797 | D:4      | Noticed Blork the orc
  2808 | D:4      | HP: 2/46 [Blork the orc/+0 glaive (3)]
  2811 | D:4      | Killed Blork the orc
  2812 | D:4      | Reached XP level 6. HP: 19/52 MP: 6/6
  3203 | D:4      | Gained mutation: When hurt, damage is shared between your
                  | health and your magic reserves. [demonic ancestry]
  3203 | D:4      | Reached XP level 7. HP: 41/60 MP: 7/7
  3777 | D:5      | Entered Level 5 of the Dungeon
  3861 | D:5      | Identified the +1 helmet "Kocykyp" {Rampage rN+ Dex-4}
  4265 | D:5      | Identified the +6 hand axe of Xuac {flame, Fly rN+ Str+2}
  4289 | D:5      | Noticed Duvessa
  4290 | D:5      | Noticed Dowan
  4302 | D:5      | Gained mutation: You have a somewhat thin skeletal
                  | structure. (Dex +2, Stealth+) [demonic ancestry]
  4302 | D:5      | Reached XP level 8. HP: 63/71 MP: 8/8
  4303 | D:5      | Killed Duvessa
  4306 | D:5      | Killed Dowan
  4516 | D:5      | Noticed Splishie's ghost (novice GnSh)
  4606 | D:5      | Identified the +3 whip "Uddysog" {venom, rN++ Str+3}
  4606 | D:5      | Identified the +0 leather armour of the Growing Gods {rElec
                  | rC- rN+ Str+6}
  4610 | D:5      | Found a runed translucent gate.
  4610 | D:5      | Found a runed translucent gate.
  4610 | D:5      | Found a runed translucent gate.
  4717 | D:5      | Found a roughly hewn altar of Beogh.
  4814 | D:6      | Reached skill level 10 in Fighting
  5510 | D:6      | Found a shimmering blue altar of Sif Muna.
  5661 | D:6      | Reached skill level 5 in Unarmed Combat
  5745 | D:6      | Gained mutation: You have a moderately thin skeletal
                  | structure. (Dex +4, Stealth++) [demonic ancestry]
  5745 | D:6      | Reached XP level 9. HP: 56/78 MP: 6/9
  6051 | D:7      | Found Revel's Jewellery Emporium.
  6056 | D:7      | Bought a +4 ring of protection for 504 gold pieces
  6056 | D:7      | Bought a ring of poison resistance for 280 gold pieces
  6222 | D:7      | Found Aklarrasi's Distillery.
  6226 | D:7      | Bought a potion of heal wounds for 60 gold pieces
  6226 | D:7      | Bought a potion of heal wounds for 60 gold pieces
  6226 | D:7      | Bought a potion of heal wounds for 60 gold pieces
  6226 | D:7      | Bought a potion of might for 48 gold pieces
  6226 | D:7      | Bought a potion of haste for 120 gold pieces
  6241 | D:7      | Found an opulent altar of Gozag.
  6490 | D:7      | Found a staircase to the Ecumenical Temple.
  6515 | D:7      | Found Pesh's Magic Scroll Shop.
  6519 | D:7      | Bought a scroll of blinking for 75 gold pieces
  6528 | Temple   | Found a transporter.
  6528 | Temple   | Found a transporter.
  6528 | Temple   | Found a transporter.
  6528 | Temple   | Found a transporter.
  6528 | Temple   | Entered the Ecumenical Temple
  6590 | D:7      | Noticed a boulder beetle
  6611 | D:7      | Killed a boulder beetle
  6852 | D:7      | Found Yjac Sidd's Antique Armour Emporium.
  6939 | D:7      | Reached skill level 5 in Dodging
  7240 | D:8      | You fall into a shaft and drop 2 floors!
  7240 | D:10     | Entered Level 10 of the Dungeon
  7395 | D:8      | Paralysed by a hornet for 1 turns
  7542 | D:8      | Gained mutation: You have an unnaturally thin skeletal
                  | structure. (Dex +6, Stealth+++) [demonic ancestry]
  7542 | D:8      | Reached XP level 10. HP: 44/85 MP: 10/10
  8020 | D:8      | Identified the +5 whip of the Feeding Gods {heavy, Str-2
                  | Dex+3 SInv}
  8039 | D:8      | Found an ornate altar of the Wu Jian Council.
  8123 | D:8      | Noticed Pikel
  8143 | D:8      | Killed Pikel
  8782 | D:9      | Reached skill level 10 in Unarmed Combat
  9171 | D:9      | Noticed a two-headed ogre
  9184 | D:9      | Slain by a two-headed ogre

Illustrated notes

Levels and vault maps discovered:
D:1:      co_arrival_square_in_a_square_in_a_square, layout_basic,
          corexii_item_surrounded_by_moat, wad_floor_pattern_untrapped
D:2:      layout_loops_ring, dk_vineyard_3, uniq_crazy_yiuf_cottage,
          uniq_natasha
D:3:      layout_loops_ring, serial_shops, nicolae_shop_gibbet_a_chance,
          serial_bayou_pond_b, minmay_lizard_king, uniq_jessica
D:4:      minmay_general_purpose_star, layout_loops_ring,
          hangedman_decor_points, uniq_blork_the_orc
D:5:      lemuel_ice_spiral_2, layout_rooms, biasface_ghost_orc_armoury,
          uniq_duvessa
D:6:      layout_gridville, mainiacjoe_overflow_alcove_4, blue_anna_alchemist
D:7:      layout_loops_cross, lemuel_doored_altar, nicolae_tso_besieged_by_evil,
          minmay_temple_entry_tees, serial_shops, shop, shop, shop,
          kennysheep_little_box
D:8:      layout_loops_ring, nicolae_wu_jian_immortal_techniques, uniq_pikel
D:9:      layout_roguey, elyvilon_altar_4, uniq_maggie
D:10:     layout_rooms, lair_entry_dummy, orc_0_dummy
Temple:   hellmonk_temple_divided_pantheon

Skill      XL: |  1  2  3  4  5  6  7  8  9 10 |
---------------+-------------------------------+-----
Unarmed Combat | 3 5 8 10 | 10.0
Fighting       | 2 3 4 6 7 9 10 | 10.2
Dodging        | 3 5 8 |  8.0
Shapeshifting  | |  2.6

Action                     |  1- 3 |  4- 6 |  7- 9 | 10-12 || total
---------------------------+-------+-------+-------+-------++-------
  Melee: Unarmed           |    29 |       |   148 |   203 ||   380
         Dagger            |    53 |   111 |   223 |       ||   387
         Punch             |     1 |       |     7 |    19 ||    27
  Throw: Stone             |       |       |       |     1 ||     1
Ability: Begin Untransform |     1 |       |       |       ||     1
    Use: Scroll            |       |    13 |     5 |     3 ||    21
         Potion            |       |     2 |     4 |       ||     6
   Stab: Confused          |       |       |     1 |       ||     1
         Sleeping          |       |       |     9 |       ||     9
 Armour: Leather armour    |    53 |    11 |       |       ||    64
         Ring mail         |       |    66 |   256 |   108 ||   430
         Skin              |       |       |     8 |       ||     8
  Dodge: Dodged            |    52 |    88 |   196 |   113 ||   449

Table legend: (Time is in decaauts)
 A = Elapsed time spent in this place.
 B = Non-inter-level travel time spent in this place.
 C = Inter-level travel time spent in this place.
 D = Time resting spent in this place.
 E = Time spent auto-exploring this place.
 F = Levels seen in this place.
 G = Mean time per level.
                   A        B        C        D        E       F      G
               +--------+--------+--------+--------+--------+-----+--------+
         Total |   9122 |   8752 |    370 |    144 |   6799 |  11 |  829.3 |
       Dungeon |   9101 |   8741 |    360 |    144 |   6799 |  10 |  910.1 |
        Temple |     21 |     11 |     10 |      0 |      0 |   1 |   21.0 |
               +--------+--------+--------+--------+--------+-----+--------+

Top non-repeatable levels by time:
     D:6: 1272 daAuts
     D:8: 1187 daAuts
     D:7: 1107 daAuts
     D:4: 1047 daAuts
     D:2: 1005 daAuts
     D:3: 988 daAuts
     D:5: 981 daAuts
     D:9: 748 daAuts
     D:1: 737 daAuts
    D:10: 24 daAuts
  Temple: 21 daAuts
